SAA
ST. PETERSBURG THUNDER @ CASPER GHOSTS
07/19/2042
 
TOP OF THE 1ST
St. Petersburg Thunder batting - Pitching for Casper Ghosts : LHP Bryan Workman
Pitching: LHP Bryan Workman
Batting: RHB Gene Blanton 0-0: Called Strike
0-1: Foul Ball, location: 2F
0-2: Ball
1-2: Strikes out looking
Batting: RHB Alfred Coleman 0-0: Called Strike
0-1: Ball
1-1: Ground out 5-3 (Groundball, 56S, EV 85.0 MPH)
Batting: RHB Patrício Gerardes 0-0: SINGLE (Groundball, 4MD, EV 98.8 MPH)
Batting: SHB Leonard Davis 0-0: Ball
1-0: Called Strike
1-1: Ball
2-1: Called Strike
2-2: Ball
3-2: Strikes out swinging
Top of the 1st over - 0 runs, 1 hit, 0 errors, 1 left on base; St. Petersburg 0 - Casper 0
BOTTOM OF THE 1ST
Casper Ghosts batting - Pitching for St. Petersburg Thunder : RHP Jhon Aimar
Pitching: RHP Jhon Aimar
Batting: RHB Joe Havermeyer 0-0: Ball
1-0: Foul Ball, location: 2F
1-1: Ball
2-1: Ball
3-1: Called Strike
3-2: Base on Balls
Batting: RHB Izaak Gerkis 0-0: Foul Ball, location: 2F
0-1: Ball
1-1: Swinging Strike
1-2: Foul Ball, location: 2F
1-2: Ball
2-2: Foul Ball, location: 2F
2-2: Ball
3-2: Foul Ball, location: 2F
3-2: Base on Balls
Joe Havermeyer to second
Batting: LHB General Booty 0-0: Foul Ball, location: 2F
0-1: Ball
1-1: Ball
2-1: Ball
3-1: Base on Balls
Joe Havermeyer to third
Izaak Gerkis to second
Batting: RHB Ramiro Castillo 0-0: Called Strike
0-1: Fly out, F9 (Flyball, 89D, EV 107.5 MPH)
Runner from 3rd tags up, SCORES, throw by RF
Izaak Gerkis to third
Batting: RHB Thinley Tshering 0-0: Ball
1-0: Ball
2-0: Called Strike
General Booty steals 2nd base (no throw)
2-1: Ball
3-1: Foul Ball, location: 2F
3-2: Foul Ball, location: 2F
3-2: Foul Ball, location: 2F
3-2: Base on Balls
Batting: RHB Bill Wells 0-0: Foul Ball, location: 2F
0-1: Ball
1-1: Ball
2-1: Ball
3-1: Base on Balls
Izaak Gerkis scores
General Booty to third
Thinley Tshering to second
Batting: RHB Bogdan Lissenberg 0-0: Called Strike
0-1: Foul Ball, location: 2F
0-2: Ball
1-2: Ball
2-2: SINGLE (Groundball, 34D, EV 101.9 MPH)
General Booty scores
Thinley Tshering to third
Bill Wells to second
Batting: RHB Ryung Jae-Wook 0-0: Called Strike
0-1: Foul Ball, location: 2F
0-2: Foul Ball, location: 2F
0-2: Foul Ball, location: 2F
0-2: Foul Ball, location: 2F
0-2: Ball
1-2: Strikes out swinging
Batting: RHB Teok-kyu Pak 0-0: Fly out, F8 (Flyball, 8RD, EV 93.1 MPH)
Bottom of the 1st over - 3 runs, 1 hit, 0 errors, 3 left on base; St. Petersburg 0 - Casper 3
TOP OF THE 2ND
St. Petersburg Thunder batting - Pitching for Casper Ghosts : LHP Bryan Workman
Batting: SHB Fernando Urby 0-0: SINGLE (Flyball, 7LM, EV 95.6 MPH)
Batting: RHB Juan Guzmán 0-0: Ball
1-0: Called Strike
1-1: Ball
2-1: Ball
3-1: Base on Balls
Fernando Urby to second
Batting: LHB Caspar Fewings 0-0: Ball
1-0: Ball
2-0: Ball
3-0: Base on Balls
Fernando Urby to third
Juan Guzmán to second
Batting: RHB David Filmer 0-0: Ball
1-0: Fly out, F7 (Flyball, 7S, EV 88.1 MPH)
Batting: SHB Tekkan Hayagawa 0-0: Grounds into double play, 4-6-3 (Groundball, 4, EV 100.6 MPH)
Top of the 2nd over - 0 runs, 1 hit, 0 errors, 2 left on base; St. Petersburg 0 - Casper 3
BOTTOM OF THE 2ND
Casper Ghosts batting - Pitching for St. Petersburg Thunder : RHP Jhon Aimar
Batting: RHB Joe Havermeyer 0-0: Ball
1-0: Called Strike
1-1: Foul Ball, location: 2F
1-2: Ball
2-2: Fly out, F9 (Flyball, 9, EV 81.9 MPH)
Batting: RHB Izaak Gerkis 0-0: Ball
1-0: Called Strike
1-1: Called Strike
1-2: Ball
2-2: Foul Ball, location: 2F
2-2: Ball
3-2: Fly out, F9 (Flyball, 9, EV 96.9 MPH)
Batting: LHB General Booty 0-0: Ball
1-0: Called Strike
1-1: Foul Ball, location: 2F
1-2: Ball
2-2: SINGLE (Flyball, 7S, EV 92.5 MPH)
Batting: RHB Ramiro Castillo 0-0: Ball
1-0: Ball
2-0: Fielders Choice at 2nd, 6-4 (Groundball, 6MD, EV 105.0 MPH)
Bottom of the 2nd over - 0 runs, 1 hit, 0 errors, 1 left on base; St. Petersburg 0 - Casper 3
TOP OF THE 3RD
St. Petersburg Thunder batting - Pitching for Casper Ghosts : LHP Bryan Workman
Batting: RHB Gene Blanton 0-0: Ball
1-0: Ball
2-0: SINGLE (Groundball, 34D, EV 104.4 MPH)
Batting: RHB Alfred Coleman 0-0: Ball
1-0: SINGLE (Groundball, 56, EV 102.5 MPH) (infield hit)
Gene Blanton to second
Batting: RHB Patrício Gerardes 0-0: Called Strike
0-1: Ball
1-1: Ball
2-1: Foul Ball, location: 2F
2-2: Ball
3-2: Fielders Choice at 2nd, 3-6 (Groundball, 3S, EV 87.5 MPH)
Gene Blanton to third
Batting: SHB Leonard Davis 0-0: Swinging Strike
0-1: Foul Ball, location: 2F
0-2: Ball
1-2: Ball
2-2: Fielders Choice at 2nd, 6-4 (Groundball, 6, EV 105.0 MPH)
Gene Blanton scores
Batting: SHB Fernando Urby 0-0: Ball
1-0: Ball
2-0: Called Strike
2-1: Foul Ball, location: 2F
2-2: SINGLE (Line Drive, 5D, EV 96.9 MPH)
Leonard Davis to second
Batting: RHB Juan Guzmán 0-0: Called Strike
0-1: Ball
1-1: Ball
2-1: Foul Ball, location: 2F
2-2: Fly out, F8 (Line Drive, 8RM, EV 98.8 MPH)
Top of the 3rd over - 1 run, 3 hits, 0 errors, 2 left on base; St. Petersburg 1 - Casper 3
BOTTOM OF THE 3RD
Casper Ghosts batting - Pitching for St. Petersburg Thunder : RHP Jhon Aimar
Batting: RHB Thinley Tshering 0-0: Ball
1-0: Called Strike
1-1: SINGLE (Groundball, 4D, EV 96.9 MPH)
Batting: RHB Bill Wells 0-0: Ball
1-0: Called Strike
Thinley Tshering steals 2nd base
1-1: Ball
2-1: Swinging Strike
2-2: Ball
3-2: Strikes out swinging
Batting: RHB Bogdan Lissenberg 0-0: Ball
1-0: Ball
2-0: Called Strike
2-1: Fly out, F6 (Popup, 6D, EV 67.5 MPH)
Batting: RHB Ryung Jae-Wook 0-0: Called Strike
0-1: Ball
1-1: Swinging Strike
1-2: Strikes out swinging
Bottom of the 3rd over - 0 runs, 1 hit, 0 errors, 1 left on base; St. Petersburg 1 - Casper 3
TOP OF THE 4TH
St. Petersburg Thunder batting - Pitching for Casper Ghosts : LHP Bryan Workman
Batting: LHB Caspar Fewings 0-0: Foul Ball, location: 2F
0-1: Called Strike
0-2: Ball
1-2: Ball
2-2: Ground out 5-3 (Groundball, 56S, EV 78.8 MPH)
Batting: RHB David Filmer 0-0: Called Strike
0-1: Foul Ball, location: 2F
0-2: Ball
1-2: Ball
2-2: Foul Ball, location: 2F
2-2: Ground out 6-3 (Groundball, 6, EV 86.9 MPH)
Batting: SHB Tekkan Hayagawa 0-0: Ball
1-0: Ball
2-0: Foul Ball, location: 2F
2-1: SINGLE (Line Drive, 7LS, EV 94.4 MPH)
Batting: RHB Gene Blanton 0-0: Fly out, F8 (Flyball, 89D, EV 98.1 MPH)
Top of the 4th over - 0 runs, 1 hit, 0 errors, 1 left on base; St. Petersburg 1 - Casper 3
BOTTOM OF THE 4TH
Casper Ghosts batting - Pitching for St. Petersburg Thunder : RHP Jhon Aimar
Batting: RHB Teok-kyu Pak 0-0: Foul Ball, location: 2F
0-1: Called Strike
0-2: Ball
1-2: Ball
2-2: Foul Ball, location: 2F
2-2: Fly out, F9 (Flyball, 9LSF, EV 82.5 MPH)
Batting: RHB Joe Havermeyer 0-0: Called Strike
0-1: Ball
1-1: Ball
2-1: Ball
3-1: Foul Ball, location: 2F
3-2: Foul Ball, location: 2F
3-2: Base on Balls
Pitching: RHP César Castillo
Batting: RHB Izaak Gerkis 0-0: Grounds into double play, 5-4-3 (Groundball, 56S, EV 80.6 MPH)
Bottom of the 4th over - 0 runs, 0 hits, 0 errors, 0 left on base; St. Petersburg 1 - Casper 3
TOP OF THE 5TH
St. Petersburg Thunder batting - Pitching for Casper Ghosts : LHP Bryan Workman
Batting: RHB Alfred Coleman 0-0: Called Strike
0-1: Foul Ball, location: 2F
0-2: Foul Ball, location: 2F
0-2: Ball
1-2: Ball
2-2: Ground out 6-3 (Groundball, 6, EV 105.6 MPH)
Batting: RHB Patrício Gerardes 0-0: Called Strike
0-1: Ball
1-1: SINGLE (Line Drive, 5D, EV 100.6 MPH)
Batting: SHB Leonard Davis 0-0: Grounds into double play, 4-6-3 (Groundball, 34, EV 100.0 MPH)
Top of the 5th over - 0 runs, 1 hit, 0 errors, 0 left on base; St. Petersburg 1 - Casper 3
BOTTOM OF THE 5TH
Casper Ghosts batting - Pitching for St. Petersburg Thunder : RHP César Castillo
Batting: LHB General Booty 0-0: Called Strike
0-1: Ball
1-1: Ball
2-1: Ground out 6-3 (Groundball, 6, EV 84.4 MPH)
Batting: RHB Ramiro Castillo 0-0: Ball
1-0: Swinging Strike
1-1: DOUBLE (Flyball, 8RXD, EV 93.1 MPH)
Batting: RHB Thinley Tshering 0-0: Called Strike
0-1: Ball
1-1: Ball
2-1: Foul Ball, location: 2F
2-2: SINGLE (Groundball, 6M, EV 106.9 MPH) (infield hit)
Ramiro Castillo to third
Batting: RHB Bill Wells 0-0: Swinging Strike
0-1: Ball
Thinley Tshering is caught stealing 2nd base 2-4
1-1: Foul Ball, location: 2F
1-2: Ball
2-2: Ball
3-2: Foul Ball, location: 2F
3-2: Strikes out swinging
Bottom of the 5th over - 0 runs, 2 hits, 0 errors, 1 left on base; St. Petersburg 1 - Casper 3
TOP OF THE 6TH
St. Petersburg Thunder batting - Pitching for Casper Ghosts : LHP Bryan Workman
Batting: SHB Fernando Urby 0-0: Called Strike
0-1: Swinging Strike
0-2: Foul Ball, location: 2F
0-2: Foul Ball, location: 2F
0-2: Strikes out swinging passed ball, reaches first!
Batting: RHB Juan Guzmán 0-0: Sac Bunt to 13 - play at first, batter OUT! 1-3
Fernando Urby to second
Batting: LHB Caspar Fewings 0-0: Ball
1-0: Called Strike
1-1: Ball
2-1: Called Strike
2-2: Strikes out swinging
Batting: RHB David Filmer 0-0: Ball
1-0: Ground out 4-3 (Groundball, 4, EV 83.1 MPH)
Top of the 6th over - 0 runs, 0 hits, 0 errors, 1 left on base; St. Petersburg 1 - Casper 3
BOTTOM OF THE 6TH
Casper Ghosts batting - Pitching for St. Petersburg Thunder : RHP César Castillo
Batting: RHB Bogdan Lissenberg 0-0: Ground out 5-3 (Groundball, 56S, EV 71.9 MPH)
Batting: RHB Ryung Jae-Wook 0-0: SOLO HOME RUN (Flyball, 7D, EV 87.5 MPH), Distance : 380 ft
Batting: RHB Teok-kyu Pak 0-0: Ball
1-0: Ground out 1-3 (Groundball, 34S, EV 88.1 MPH)
Batting: RHB Joe Havermeyer 0-0: Ball
1-0: Called Strike
1-1: Called Strike
1-2: Ball
2-2: Fly out, F8 (Line Drive, 8LM, EV 95.6 MPH)
Bottom of the 6th over - 1 run, 1 hit, 0 errors, 0 left on base; St. Petersburg 1 - Casper 4
TOP OF THE 7TH
St. Petersburg Thunder batting - Pitching for Casper Ghosts : LHP Bryan Workman
Batting: SHB Tekkan Hayagawa 0-0: Foul Ball, location: 2F
0-1: Ground out 5-3 (Groundball, 56, EV 105.6 MPH)
Batting: RHB Gene Blanton 0-0: Ball
1-0: Ball
2-0: Called Strike
2-1: Ball
3-1: Base on Balls
Pitching: RHP Fernando Gonzáles
Batting: RHB Alfred Coleman 0-0: Ball
Wild Pitch!
Gene Blanton to second
1-0: Called Strike
1-1: Ground out 6-3 (Groundball, 6, EV 85.0 MPH)
Gene Blanton to third
Batting: RHB Patrício Gerardes 0-0: Called Strike
0-1: Swinging Strike
0-2: Fly out, F8 (Flyball, 8RM, EV 94.4 MPH)
Top of the 7th over - 0 runs, 0 hits, 0 errors, 1 left on base; St. Petersburg 1 - Casper 4
BOTTOM OF THE 7TH
Casper Ghosts batting - Pitching for St. Petersburg Thunder : RHP César Castillo
Batting: RHB Izaak Gerkis 0-0: Swinging Strike
0-1: Swinging Strike
0-2: Ball
1-2: Ball
2-2: Foul Ball, location: 2F
2-2: Strikes out swinging
Batting: LHB General Booty 0-0: Called Strike
0-1: Foul Ball, location: 2F
0-2: Foul Ball, location: 2F
0-2: Ball
1-2: SINGLE (Flyball, 8RS, EV 95.0 MPH)
Batting: RHB Ramiro Castillo 0-0: Fly out, F9 (Flyball, 89D, EV 91.2 MPH)
Batting: RHB Thinley Tshering 0-0: Ball
General Booty steals 2nd base (no throw)
1-0: Ball
2-0: Foul Ball, location: 2F
2-1: Ball
3-1: Swinging Strike
3-2: Strikes out swinging
Bottom of the 7th over - 0 runs, 1 hit, 0 errors, 1 left on base; St. Petersburg 1 - Casper 4
TOP OF THE 8TH
St. Petersburg Thunder batting - Pitching for Casper Ghosts : RHP Fernando Gonzáles
Batting: SHB Leonard Davis 0-0: Ball
1-0: Called Strike
1-1: Swinging Strike
1-2: Ball
2-2: Ball
3-2: SINGLE (Groundball, 34D, EV 98.1 MPH)
Batting: SHB Fernando Urby 0-0: Ball
1-0: Ball
2-0: Ball
3-0: Called Strike
3-1: Base on Balls
Leonard Davis to second
Batting: RHB Juan Guzmán 0-0: Foul Ball, location: 2F
0-1: Called Strike
0-2: Ball
1-2: Ball
2-2: Foul Ball, location: 2F
2-2: Grounds into double play, 6-4-3 (Groundball, 6, EV 83.1 MPH)
Leonard Davis to third
Batting: LHB Caspar Fewings 0-0: Fly out, F7 (Flyball, 78M, EV 87.5 MPH)
Top of the 8th over - 0 runs, 1 hit, 0 errors, 1 left on base; St. Petersburg 1 - Casper 4
BOTTOM OF THE 8TH
Casper Ghosts batting - Pitching for St. Petersburg Thunder : RHP César Castillo
Batting: RHB Bill Wells 0-0: Ball
1-0: Called Strike
1-1: Called Strike
1-2: Foul Ball, location: 2F
1-2: Foul Ball, location: 2F
1-2: Ball
2-2: Strikes out swinging
Batting: RHB Bogdan Lissenberg 0-0: Ground out 1-3 (Groundball, 13S, EV 66.9 MPH)
Batting: RHB Ryung Jae-Wook 0-0: Ball
1-0: Called Strike
1-1: Called Strike
1-2: Ground out 5-3 (Groundball, 56, EV 82.5 MPH)
Bottom of the 8th over - 0 runs, 0 hits, 0 errors, 0 left on base; St. Petersburg 1 - Casper 4
TOP OF THE 9TH
St. Petersburg Thunder batting - Pitching for Casper Ghosts : RHP Fernando Gonzáles
Pitching: RHP Eric Blevins
Batting: RHB David Filmer 0-0: Called Strike
0-1: Foul Ball, location: 2F
0-2: Ball
1-2: Strikes out swinging
Batting: SHB Tekkan Hayagawa 0-0: Ball
1-0: DOUBLE (Flyball, 89D, EV 100.0 MPH)
Batting: RHB Gene Blanton 0-0: Fly out, F8 (Line Drive, 8LD, EV 91.2 MPH)
Batting: RHB Alfred Coleman 0-0: Ball
1-0: Foul Ball, location: 2F
1-1: Ball
2-1: Swinging Strike
2-2: Ball
3-2: DOUBLE (Line Drive, 89D, EV 103.8 MPH)
Tekkan Hayagawa scores
Batting: RHB Patrício Gerardes 0-0: Foul Ball, location: 2F
0-1: Ball
1-1: Foul Ball, location: 2F
1-2: Strikes out swinging
Top of the 9th over - 1 run, 2 hits, 0 errors, 1 left on base; St. Petersburg 2 - Casper 4
Friday, March 26th, 2021 - OOTP Baseball 20.8 Build 74